 Dungeon Crawl Stone Soup version 0.30.1-3-gfc49f6343a (webtiles) character file.

Game seed: 4593637319034001157

10 shmup the Firebug (level 2, 0/15 HPs)
             Began as a Tengu Fire Elementalist on July 27, 2023.
             Killed from afar by a dart slug (5 damage)
             ... with a slug dart
             ... on level 1 of the Dungeon on July 28, 2023.
             The game lasted 00:01:45 (271 turns).

shmup the Firebug (Tengu Fire Elementalist)          Turns: 271, Time: 00:01:45

Health: 0/15       AC:  2    Str:  8    XL:     2   Next: 20%
Magic:  3/6        EV: 12    Int: 15    God:
Gold:   18         SH:  0    Dex: 14    Spells: 4/5 levels left

rFire   . . .        c - +0 short sword
rCold   . . .        (no shield)
rNeg    . . .        a - +0 robe
rPois   .            (helmet restricted)
rElec   .            (no cloak)
rCorr   .            (no gloves)
SInv    .            (boots unavailable)
Will    .....        (no amulet)
Stlth   ++           (no ring)
HPRegen 0.22/turn    (no ring)
MPRegen 0.10/turn

%: no passive effects
@: no status effects
A: beak, talons 3
a: no special abilities


You were on level 1 of the Dungeon.
You visited 1 branch of the dungeon, and saw 1 of its levels.

You collected 18 gold pieces.

Inventory:

Hand Weapons
 c - a +0 short sword (weapon)
Missiles
 f - a stone
Armour
 a - a +0 robe (worn)
Scrolls
 d - a scroll of enchant weapon {unknown}
 e - a scroll of teleportation {unknown}
Potions
 b - a potion of magic
 g - a potion of berserk rage {unknown}


   Skills:
 - Level 2.1 Dodging
 - Level 2.0 Stealth
 - Level 2.0 Spellcasting
 + Level 2.0 Conjurations
 * Level 3.8 Fire Magic


You had 4 spell levels left.
You knew the following spells:

 Your Spells              Type           Power      Damage    Failure   Level
a - Foxfire               Conj/Fire      40%        2x1d6     7%          1

Your spell library contained the following spells:

 Spells                   Type           Power      Damage    Failure   Level
 Scorch                   Fire           26%        2d6       7%          2
 Inner Flame              Hex/Fire       7%         N/A       30%         3
 Volatile Blastmotes      Fire/Tloc      14%        2d11      30%         3
 Ozocubu's Armour         Ice            1%         N/A       54%         3
 Flame Wave               Conj/Fire      10%        2d6       54%         4
 Metabolic Englaciation   Hex/Ice        0%         N/A       99%         5
 Simulacrum               Ice/Necr       0%         N/A       100%        6


Dungeon Overview and Level Annotations

Branches:
Dungeon (1/15)

Altars:

Shops:
D:1 *[


Innate Abilities, Weirdness & Mutations

You have a beak for a mouth.
You have claws for feet.


Message History

You now have 18 gold pieces (gained 6).
A dart slug comes into view.
Found 11 gold pieces.
The dart slug launches a dart at you. The slug dart hits you.
* * * LOW HITPOINT WARNING * * *
You see here a golden potion.
Casting: Foxfire (safe; 7% risk of failure)
Confirm with . or Enter, or press ? or * to list all spells.
You conjure some foxfire!
Casting: Foxfire (safe; 7% risk of failure)
Confirm with . or Enter, or press ? or * to list all spells.
You conjure some foxfire!
Your foxfire dissipates!
Your foxfire dissipates! x2
g - a golden potion
Casting: Foxfire (safe; 7% risk of failure)
Confirm with . or Enter, or press ? or * to list all spells.
You conjure some foxfire!
The dart slug launches a dart at you. The slug dart hits you.
* * * LOW HITPOINT WARNING * * *
Casting: Foxfire (safe; 7% risk of failure)
Confirm with . or Enter, or press ? or * to list all spells.
You conjure some foxfire!
The dart slug launches a dart at you. The slug dart hits you.
* * * LOW HITPOINT WARNING * * *
Your foxfire dissipates!
Your foxfire dissipates!
Found Haxocvaa's Armour Shoppe.
A goblin comes into view. It is wielding a +0 dagger.
A dart slug comes into view.
Found a scroll labelled MUWIUJUNOA.
The goblin shouts!
An endoplasm comes into view.
The endoplasm quivers.
The dart slug launches a dart at you. The slug dart hits you.
You die...

▒.▒ ▒.▒ ▒▒▒▒ ▒.▒ ▒...▒▒▒▒▒
▒▒▒▒ ▒▒▒.▒▒▒▒........ ...▒
▒.....▒▒..▒▒▒▒▒.▒ ▒▒.▒
▒▒▒▒.....▒▒J.▒[..▒..
▒▒.▒▒▒▒........▒▒..▒▒▒▒▒..
........▒▒.....▒▒..g.\w...
...▒▒▒▒▒▒▒......Q..▒▒▒▒▒..
▒..▒ ▒.▒..▒▒▒..▒[..▒.. ...▒
▒.▒..▒ ▒..▒▒▒▒▒.? ▒.▒▒
▒.▒..▒ ▒$........ ..▒ ▒....▒
▒▒.▒▒.▒▒▒.▒ ..▒ ▒▒...▒▒ ▒.▒
.▒▒▒.▒▒ ..▒▒ ▒▒.....▒▒▒w▒
......▒ .▒.▒▒
▒▒.......▒▒.▒▒▒w▒▒..▒
....▒▒▒▒.........▒.▒▒...▒..▒


You could see 2 animated armours, 2 dart slugs, an endoplasm and a goblin.

Vanquished Creatures
  A ball python (D:1)
  An endoplasm (D:1)
  2 hobgoblins (D:1)
  2 kobolds (D:1)
  A frilled lizard (D:1)
  A goblin (D:1)
  A rat (D:1)
9 creatures vanquished.

Vanquished Creatures (others)
  21 foxfires (D:1)
21 creatures vanquished.

Grand Total: 30 creatures vanquished

Notes
Turn   | Place    | Note
-------+----------+-------------------------------------------
     0 | D:1      | shmup the Tengu Fire Elementalist began the quest for the
                  | Orb.
     0 | D:1      | Reached XP level 1. HP: 10/10 MP: 4/4
   146 | D:1      | Noticed an animated shadow dragon scales
   156 | D:1      | Reached XP level 2. HP: 15/15 MP: 3/6
   222 | D:1      | Found Gifos's General Store.
   265 | D:1      | Found Haxocvaa's Armour Shoppe.
   267 | D:1      | Noticed an animated plate armour
   271 | D:1      | Killed from afar by a dart slug

Illustrated notes

Levels and vault maps discovered:
D:1:      lightli_arrival_windingriver, layout_loops_corners, serial_shops,
          shop, nicolae_shop_just_a_little_nook, nicolae_shop_mannequins,
          nicolae_shop_just_a_little_nook, kennysheep_small_spiral

Skill      XL: |  1  2 |
---------------+-------+-----
Conjurations   | 2 |  2.0
Dodging        | |  2.1
Stealth        | |  2.0
Spellcasting   | |  2.0
Fire Magic     | |  3.8

Action                     || total
---------------------------++-------
  Melee: Short sword       ||     4
         Kick              ||     1
         Peck              ||     1
   Cast: Foxfire           ||    14
 Armour: Robe              ||     1
  Dodge: Dodged            ||     4
